 Dungeon Crawl Stone Soup version 0.28-a0-706-gf6f64a616a (webtiles) character file.

Game seed: 4744423439543587667

30753 ytrimaz the Carver (level 13, -17/109 HPs)
             Began as a Formicid Fighter on Oct 24, 2021.
             Was a High Priest of Okawaru.
             Demolished by a white ugly thing (34 damage)
             ... on level 14 of the Dungeon.
             The game lasted 00:27:54 (12164 turns).

ytrimaz the Carver (Formicid Fighter)              Turns: 12164, Time: 00:28:03

Health: -17/109    AC: 15    Str: 25    XL:     13   Next: 91%
Magic:  18/20      EV: 13    Int:  9    God:    Okawaru [*****.]
Gold:   1249       SH:  7    Dex: 16    Spells: 12/12 levels left

rFire   + . .      SeeInvis +   t - +5 Maxwell's thermic engine {flame, freeze}
rCold   . . .      Faith    .   c - +0 buckler
rNeg    . . .      Spirit   .   b - +0 scale mail
rPois   .          Reflect  .   (helmet unavailable)
rElec   .          Harm     .   d - +0 cloak
rCorr   .          Rampage  .   y - +1 pair of gloves
Will    +....                   (no boots)
Stlth   ++........              f - amulet of regeneration
HPRegen 1.28/turn               K - +6 ring of dexterity
MPRegen 0.17/turn               q - ring of protection from fire

@: heroic
A: permanent stasis, dig shafts and tunnels, antennae 3, four strong arms,
talons 2, screaming 1, shaggy fur 1, evolution 1
a: Dig, Shaft Self, Renounce Religion, Heroism, Finesse, Duel


You were on level 14 of the Dungeon.
You worshipped Okawaru.
Okawaru was extremely pleased with you.
You visited 2 branches of the dungeon, and saw 16 of its levels.
You also visited: Bailey.

You collected 1979 gold pieces.
You spent 730 gold pieces at shops.

Inventory:

Hand Weapons
 k - a +6 great sword of protection
 o - a +1 halberd of freezing
 t - the +5 Maxwell's thermic engine (weapon) {flame, freeze}
   (You bought it in a shop on level 13 of the Dungeon)

   It burns those it strikes, dealing additional fire damage.
   Big, fiery blades are also staple armaments of hydra-hunters.
   It freezes those it strikes, dealing additional cold damage.
   It can also slow down cold-blooded creatures.
   It becomes more effective when it hits something.
   This effect fades over time.
 A - a +1 triple sword
Missiles
 p - 2 throwing nets
Armour
 b - a +0 scale mail (worn)
 c - a +0 buckler (worn)
 d - a +0 cloak (worn)
 r - the +0 plate armour of Lesser Demons {rC- Will+++ Regen+}
   (You found it in a bailey)

   rC:        It makes you vulnerable to cold.
   Regen:     It increases your rate of health regeneration.
   Will:      It greatly increases your willpower.
 y - a +1 pair of gloves (worn)
Jewellery
 f - an amulet of regeneration (around neck)
 q - a ring of protection from fire (right hand)
 D - a ring of positive energy
 K - a +6 ring of dexterity (left hand)
Wands
 u - a wand of digging (13)
 z - a wand of paralysis (10)
 F - a wand of acid (12)
 H - a wand of flame (21)
Scrolls
 a - 2 scrolls of holy word
 h - 10 scrolls of identify
 s - 2 scrolls of magic mapping
 v - 3 scrolls of vulnerability
 w - 6 scrolls of fear
 x - 2 scrolls of fog
 B - 2 scrolls of amnesia
Potions
 e - 3 potions of resistance
 g - 3 potions of brilliance
 j - a potion of heal wounds {unknown}
 l - a potion of magic
 m - a potion of flight
 n - a potion of cancellation
 E - 2 potions of might
 G - a potion of attraction
 J - 2 potions of mutation
Miscellaneous
 i - a lightning rod (4/4)


   Skills:
 * Level 12.6(17.6) Fighting
 + Level 13.9(18.9) Long Blades
 - Level 2.3(9.0) Axes
 - Level 5.0(10.3) Maces & Flails
 * Level 11.3(16.3) Armour
 - Level 4.8(9.8) Shields
 * Level 10.1 Invocations


You had 12 spell levels left.
You didn't know any spells.
Your spell library contained the following spells:

 Spells                   Type           Power      Damage    Failure   Level
 Magic Dart               Conj           0%         1d3       58%         1
 Shock                    Conj/Air       0%         1d3       58%         1
 Searing Ray              Conj           0%         2d4       73%         2
 Slow                     Hex            0%         N/A       73%         2
 Confusing Touch          Hex            0%         N/A       91%         3
 Airstrike                Air            0%         N/A       100%        4
 Fulminant Prism          Conj/Hex       0%         3d6       100%        4
 Yara's Violent Unravell  Hex/Tmut       0%         3d3       100%        5
 Swiftness                Air            Unusable   N/A       N/A         3

Dungeon Overview and Level Annotations

Branches:
Dungeon (15/15)            Temple (1/1) D:5            Lair (0/6) D:10
    Orc (0/2) D:9          Vaults (0/5) D:13         Bailey (visited)
 Depths: D:15

Altars:
Ashenzari
Cheibriados
Dithmenos
Elyvilon
Fedhas
Gozag
Hepliaklqana
Kikubaaqudgha
Makhleb
Nemelex Xobeh
Okawaru
Qazlal
Ru
Sif Muna
Trog
Uskayaw
Vehumet
Wu Jian
Xom
Yredelemnul
Zin
The Shining One
Beogh

Shops:
D:5 ?   D:13 !((

Portals:
Ice
Cave: D:14


Innate Abilities, Weirdness & Mutations

You cannot be hasted, slowed, berserked, paralysed or teleported.
You can dig through walls and to a lower floor.
You have a pair of large antennae on your head. (SInv)
Your four strong arms can wield two-handed weapons with a shield.
You have razor-sharp toenails.
You occasionally shout uncontrollably at your foes.
You are covered in fur. (AC +1)
You have hidden genetic potential.


Message History

You start resting.
You hear the crackling of a melting archway nearby.
You start resting.
HP restored.
A white ugly thing comes into view.
The white ugly thing gurgles horribly!
You hear a horrible gurgling sound!
You see here 19 gold pieces.
There is an open door here.
You closely miss the white ugly thing. You claw the white ugly thing!
The white ugly thing is lightly wounded.
The white ugly thing punches you! The white ugly thing freezes you!
You barely miss the white ugly thing.
The white ugly thing is lightly wounded.
The white ugly thing punches you! The white ugly thing freezes you!!
You hit the white ugly thing but do no damage.
The white ugly thing is lightly wounded.
The white ugly thing barely misses you.
There is an open door here.
You gain the combat prowess of a mighty hero.
The white ugly thing punches you but does no damage.
You barely miss the white ugly thing.
You claw the white ugly thing, but do no damage.
The white ugly thing is lightly wounded.
You block the white ugly thing's attack.
You slash the white ugly thing! You burn the white ugly thing.
Your kick misses the white ugly thing.
The white ugly thing is moderately wounded.
You barely miss the white ugly thing.
You claw the white ugly thing, but do no damage.
The white ugly thing is moderately wounded.
The white ugly thing punches you. The white ugly thing freezes you!
* * * LOW HITPOINT WARNING * * *
You slice the white ugly thing!! You burn the white ugly thing!
You freeze the white ugly thing. You claw the white ugly thing.
The white ugly thing is almost dead.
You hear a horrible gurgling sound!
The white ugly thing punches you!
* * * LOW HITPOINT WARNING * * *
The white ugly thing freezes you!!
You die...

,,*,*,*,...####**,,,,,,,,,,*,,,,,
,,,,,,,,.......**,,,,**,,,,*,,,,,
*,,,,,,,#......#############,,,,,
,,,,,,,,.u......#..........#.....
*,,,∩...#.......#..?....../#.....
,,,,............#..........#.....
*,,,.[..#.......#..........#.....
,,,,...u.......u#..........#.....
,,*,*,..........@..........#.....
,,,,,,,,........#$....######.....
,,,,,,,,.#..(..##....#...........
*,,,,,,,,#..)..##....#...).......
**,,,,,,,#†....#..$..#...........
*,,,,,,,#.....#.....#...[<.#####
*,,,,,,,#.....#.....#......#...#
*,,,,,,,#.....#.....#......'....
**,,,,,,,#.....#.....#......#....


You could see 2 ugly things.

Vanquished Creatures
  A boulder beetle (D:12)
  An ogre mage (D:13)
  4 centaur warriors
  5 two-headed ogres
  3 death yaks (D:10)
  2 tengu warriors
  2 deep elf pyromancers
  2 orc knights (Bailey)
  6 ugly things
  A cyclops (D:11)
  2 manticores
  A centaur zombie (D:11)
  A gargoyle (D:12)
  A komodo dragon (D:12)
  An efreet (D:13)
  4 tengu conjurers
  4 trolls
  A hornet (D:10)
  4 slime creatures (D:12)
  12 yaks
  4 shadows
  6 wraiths
  A hog (shapeshifter) (D:13)
  2 wyverns
  3 basilisks
  A steam dragon (D:7)
  10 vampire mosquitoes
  Menkaure (D:6)
  A two-headed ogre zombie (D:9)
  An acid dragon (D:10)
  2 water moccasins
  19 orc warriors
  2 sky beasts
  9 ogres
  2 necrophages
  3 black bears
  3 centaurs
  2 phantoms (D:5)
  3 kobold brigands
  2 gnoll sergeants
  4 scorpions
  A bullfrog (D:7)
  A wyvern skeleton (D:7)
  A water moccasin skeleton (D:7)
  A troll zombie (D:9)
  5 killer bees (D:7)
  15 wights
  2 howler monkeys (D:7)
  An electric eel (D:13)
  3 hounds
  2 jellies
  2 bullfrog skeletons (D:5)
  6 orc priests
  6 gnoll shamans (D:12)
  Ijyb (D:5)
  A scorpion zombie (D:5)
  4 orc wizards
  A killer bee zombie (D:9)
  6 ogre zombies (D:9)
  A howler monkey zombie (D:10)
  19 gnolls
  A river rat (D:10)
  7 adders
  A shadow imp (D:6)
  A white imp (D:8)
  An adder skeleton (D:4)
  A worm (D:2)
  5 dart slugs
  56 orcs
  4 ball pythons
  8 endoplasms
  7 giant cockroaches
  11 goblins
  6 hobgoblins
  7 jackals
  3 quokkas
  4 bats
  5 frilled lizards
  A goblin zombie (D:9)
  2 hobgoblin skeletons (D:9)
  2 hobgoblin zombies (D:9)
  24 kobolds
  4 orc skeletons (D:9)
  16 orc zombies (D:9)
  11 rats
406 creatures vanquished.

Vanquished Creatures (others)
  6 fungi (D:12)
  8 plants (D:12)
14 creatures vanquished.

Grand Total: 420 creatures vanquished

Notes
Turn   | Place    | Note
-------+----------+-------------------------------------------
     0 | D:1      | ytrimaz the Formicid Fighter began the quest for the Orb.
     0 | D:1      | Reached XP level 1. HP: 18/18 MP: 1/1
    61 | D:1      | Reached XP level 2. HP: 23/24 MP: 2/2
   286 | D:1      | Reached XP level 3. HP: 16/29 MP: 3/3
   549 | D:1      | Found a faded altar of an unknown god.
   986 | D:2      | Reached XP level 4. HP: 34/37 MP: 4/4
  1052 | D:2      | Reached skill level 1 in Maces & Flails
  1227 | D:2      | Reached XP level 5. HP: 42/42 MP: 5/5
  1576 | D:3      | Found an opulent altar of Gozag.
  1587 | D:3      | Found a stormy altar of Qazlal.
  2519 | D:4      | Noticed an ogre
  2549 | D:3      | Killed an ogre
  2550 | D:3      | Reached XP level 6. HP: 48/48 MP: 6/6
  3173 | D:4      | Found an ancient bone altar of Kikubaaqudgha.
  3238 | D:5      | Entered Level 5 of the Dungeon
  3248 | D:5      | Noticed Ijyb
  3253 | D:5      | Killed Ijyb
  3390 | D:5      | Found a staircase to the Ecumenical Temple.
  3399 | Temple   | Entered the Ecumenical Temple
  3486 | Temple   | Became a worshipper of Warmaster Okawaru
  3531 | D:5      | Noticed a black bear
  3586 | D:5      | Reached skill level 5 in Armour
  3586 | D:5      | Reached XP level 7. HP: 38/47 MP: 7/7
  3607 | D:5      | Reached skill level 5 in Maces & Flails
  3640 | D:5      | Reached * piety under Okawaru
  3649 | D:5      | Reached skill level 1 in Long Blades
  3649 | D:5      | Reached skill level 1 in Invocations
  3649 | D:5      | Reached XP level 8. HP: 57/61 MP: 9/9
  3687 | D:5      | Reached skill level 2 in Long Blades
  3858 | D:5      | Reached skill level 3 in Long Blades
  3931 | D:5      | Reached skill level 5 in Fighting
  4041 | D:5      | Found Ezaerann's Magic Scroll Emporium.
  4056 | D:5      | Bought a scroll of fear for 49 gold pieces
  4056 | D:5      | Bought a scroll of fog for 28 gold pieces
  4056 | D:5      | Bought a scroll of magic mapping for 49 gold pieces
  4102 | D:5      | Reached skill level 4 in Long Blades
  4401 | D:6      | Noticed Menkaure
  4414 | D:6      | Killed Menkaure
  4415 | D:6      | Reached XP level 9. HP: 29/68 MP: 11/11
  4520 | D:6      | Reached ** piety under Okawaru
  4521 | D:6      | Reached skill level 5 in Long Blades
  4883 | D:6      | Reached skill level 6 in Long Blades
  5421 | D:7      | Reached skill level 7 in Long Blades
  5422 | D:7      | HP: 1/62 [wight (18)]
  5425 | D:7      | Gained mutation: You are covered in fur. (AC +1) [potion of
                  | mutation]
  5425 | D:7      | Gained mutation: You have hidden genetic potential. [potion
                  | of mutation]
  5425 | D:7      | Gained mutation: You occasionally shout uncontrollably at
                  | your foes. [potion of mutation]
  5428 | D:7      | You fall into a shaft and drop 3 floors!
  5428 | D:10     | Entered Level 10 of the Dungeon
  5428 | D:10     | Noticed a death yak
  5428 | D:10     | Noticed a death yak
  5428 | D:10     | Noticed a death yak
  5428 | D:10     | Noticed a two-headed ogre
  5428 | D:10     | Found a staircase to the Lair.
  5431 | D:10     | You fall into a shaft and drop 2 floors!
  5613 | D:12     | Reached *** piety under Okawaru
  5764 | D:12     | Reached XP level 10. HP: 74/76 MP: 13/13
  5843 | D:12     | Reached skill level 5 in Invocations
  5938 | D:12     | Reached skill level 8 in Long Blades
  5982 | D:12     | Gained mutation: You have sharp toenails. [hidden
                  | potential]
  6268 | D:8      | Reached **** piety under Okawaru
  6349 | D:8      | Found a flagged portal.
  6374 | Bailey   | Entered a bailey
  6375 | Bailey   | Noticed an orc knight
  6410 | Bailey   | Killed an orc knight
  6411 | Bailey   | Reached skill level 9 in Long Blades
  6578 | Bailey   | Noticed an orc knight
  6592 | Bailey   | Killed an orc knight
  6593 | Bailey   | Reached XP level 11. HP: 53/86 MP: 15/15
  6596 | Bailey   | Reached ***** piety under Okawaru
  6623 | Bailey   | Identified the +0 plate armour of Lesser Demons {rC-
                  | Will+++ Regen+}
  7092 | D:7      | Found a blossoming altar of Fedhas.
  7167 | D:7      | Gained mutation: You have great hidden genetic potential.
                  | [hidden potential]
  7167 | D:7      | Lost mutation: You have great hidden genetic potential.
                  | [hidden potential expressed]
  7491 | D:7      | Reached skill level 10 in Long Blades
  8344 | D:9      | Found an ornate altar of the Wu Jian Council.
  8362 | D:9      | Found a bloodstained altar of Trog.
  8364 | D:9      | Found a burning altar of Makhleb.
  8522 | D:9      | Received a gift from Okawaru
  8552 | D:9      | Found a staircase to the Orcish Mines.
  9004 | D:10     | Found a glowing golden altar of the Shining One.
  9080 | D:10     | Reached skill level 11 in Long Blades
  9150 | D:10     | Noticed a centaur warrior
  9151 | D:10     | Noticed a centaur warrior
  9210 | D:10     | Killed a centaur warrior
  9211 | D:10     | Reached XP level 12. HP: 48/97 MP: 17/17
  9212 | D:10     | Killed a centaur warrior
  9224 | D:10     | Gained mutation: You have razor-sharp toenails. [hidden
                  | potential]
  9248 | D:10     | Killed a two-headed ogre
  9317 | D:10     | Reached skill level 10 in Fighting
  9437 | D:10     | Killed a death yak
  9442 | D:10     | Killed a death yak
  9447 | D:10     | Killed a death yak
  9448 | D:10     | Reached skill level 12 in Long Blades
  9789 | D:11     | Reached skill level 10 in Armour
  9997 | D:11     | Received a gift from Okawaru
 10327 | D:11     | Noticed a tengu warrior
 10342 | D:11     | Killed a tengu warrior
 10495 | D:12     | Noticed a boulder beetle
 10507 | D:12     | Killed a boulder beetle
 10508 | D:12     | Reached XP level 13. HP: 86/106 MP: 19/19
 10676 | D:12     | Gained mutation: You have great hidden genetic potential.
                  | [hidden potential]
 10676 | D:12     | Lost mutation: You have great hidden genetic potential.
                  | [hidden potential expressed]
 10811 | D:12     | Reached skill level 13 in Long Blades
 11387 | D:13     | Noticed a centaur warrior
 11395 | D:13     | Killed a centaur warrior
 11407 | D:13     | Found a gate to the Vaults.
 11408 | D:13     | Noticed an ogre mage
 11426 | D:13     | Killed an ogre mage
 11504 | D:13     | Found Ifiwn's Distillery.
 11514 | D:13     | Bought a potion of cancellation for 120 gold pieces
 11698 | D:13     | Found Sefuliuw's Antique Weapon Emporium.
 11701 | D:13     | Found Uletasch's Weapon Emporium.
 11734 | D:13     | Bought the +2 Maxwell's thermic engine {flame, freeze} for
                  | 484 gold pieces
 11734 | D:13     | Found the +2 Maxwell's thermic engine {flame, freeze}
 11755 | D:13     | Received a gift from Okawaru
 11774 | D:13     | Noticed a centaur warrior
 11780 | D:13     | Killed a centaur warrior
 11795 | D:13     | You fall into a shaft and drop 1 floor!
 11945 | D:14     | Reached skill level 10 in Invocations
 11945 | D:14     | Found a frozen archway.
 11951 | D:14     | You fall into a shaft and drop 1 floor!
 11951 | D:15     | Entered Level 15 of the Dungeon
 12164 | D:14     | Demolished by a white ugly thing

Illustrated notes

Levels and vault maps discovered:
D:1:      shiori_arrival_whats_in_store_for_you, layout_basic,
          hellmonk_ecumenical_altar_arch_garden, chequers_serial_rivers_large_b
D:2:      layout_basic, corexii_item_surrounded_by_moat, minmay_circle_x
D:3:      layout_basic, mainiacjoe_overflow_large_starburst
D:4:      layout_basic, mainiacjoe_overflow_paths
D:5:      layout_basic, minmay_temple_entry_trees, serial_shops,
          nicolae_shop_trees, lightli_minifort, uniq_ijyb
D:6:      layout_gridville, uniq_menkaure
D:7:      layout_gridville, fedhas_altar_2, kennysheep_generic_room_14
D:8:      layout_gridville, lightli_bailey_entry_fortress, special_room
          [special_room_orc], hangedman_decor_lopped, minmay_misc_feat_roman,
          st_stairs_11, hangedman_decor_riveting
D:9:      layout_rooms, nzn_wu_jian_contemplation,
          chequers_temple_overflow_statue_of_worship, zombieorc2_lemuel
D:10:     layout_loops_cross, kennysheep_mini_moat, dpeg_lair_monsters,
          minmay_mirror_moons_of_madness
D:11:     layout_basic, gauntlet_entry_generic, serial_glass, glass_columns_b,
          glass_columns_c
D:12:     kennysheep_seaside_town, layout_long_grid
D:13:     layout_rooms, david_vaults_2, serial_shops, kennysheep_little_box,
          nicolae_wooded_promenade
D:14:     layout_gridville, nicolae_qazlal_eye_of_the_storm,
          portal_ice_cave_entry_ugly_swarm, minmay_fractal_squares_gapless_5
D:15:     grunt_enter_depths_magical_seal, layout_loops_corners, bloody_makhleb,
          special_room [special_room_orc]
Temple:   jpeg_temple_clearing

Skill      XL: |  1  2  3  4  5  6  7  8  9 10 11 12 13 |
---------------+----------------------------------------+-----
Shields        | 4 |  4.8
Armour         | 4 5 6 7 8 9 10 11 | 11.3
Maces & Flails | 1 3 4 5 |  5.0
Fighting       | 4 5 6 7 9 11 12 | 12.6
Long Blades    | 1 4 7 9 11 12 13 | 13.9
Invocations    | 1 3 4 6 7 9 10 | 10.1
Axes           | |  2.3

Action                   |  1- 3 |  4- 6 |  7- 9 | 10-12 | 13-15 || total
-------------------------+-------+-------+-------+-------+-------++-------
Melee: War axe           |    48 |       |       |       |       ||    48
       Battleaxe         |    32 |       |       |       |       ||    32
       Whip              |    23 |   225 |    19 |       |       ||   267
       Great sword       |       |       |   149 |   540 |   105 ||   794
       Kick              |       |       |       |   130 |    69 ||   199
       Halberd           |       |       |       |    17 |       ||    17
       Double sword      |       |       |       |       |    43 ||    43
Invok: Heroism           |       |       |    10 |    27 |     4 ||    41
       Finesse           |       |       |       |     9 |     1 ||    10
 Abil: Dig               |     1 |     1 |     3 |     3 |     2 ||    10
       Shaft Self        |       |       |     2 |       |     2 ||     4
Evoke: Wand              |       |     1 |       |    17 |       ||    18
       Lightning rod     |       |       |       |     1 |       ||     1
  Use: Scroll            |     2 |     4 |     6 |     9 |     1 ||    22
       Potion            |       |     3 |     3 |     1 |     2 ||     9
 Stab: Invisible         |       |     3 |     5 |       |       ||     8
       Paralysed         |       |       |       |     2 |       ||     2
Armor: Scale mail        |    52 |    73 |    97 |   260 |    79 ||   561
Dodge: Dodged            |    65 |   100 |   111 |   295 |    69 ||   640
Block: Buckler           |    32 |    38 |    56 |   138 |    39 ||   303

Table legend: (Time is in decaauts)
 A = Elapsed time spent in this place.
 B = Non-inter-level travel time spent in this place.
 C = Inter-level travel time spent in this place.
 D = Time resting spent in this place.
 E = Time spent auto-exploring this place.
 F = Levels seen in this place.
 G = Mean time per level.
                   A        B        C        D        E       F      G
               +--------+--------+--------+--------+--------+-----+--------+
         Total |  12238 |  11894 |    344 |    739 |   7162 |  17 |  719.9 |
       Dungeon |  11863 |  11536 |    327 |    714 |   7107 |  15 |  790.9 |
        Temple |    105 |     88 |     17 |      0 |     55 |   1 |  105.0 |
        Bailey |    269 |    269 |      0 |     25 |      0 |   1 |  269.0 |
               +--------+--------+--------+--------+--------+-----+--------+

Top non-repeatable levels by time:
    D:12: 1491 daAuts
     D:8: 1046 daAuts
     D:5: 1003 daAuts
     D:1: 980 daAuts
     D:7: 946 daAuts
     D:3: 943 daAuts
     D:6: 913 daAuts
    D:11: 839 daAuts
     D:4: 812 daAuts
    D:10: 809 daAuts
     D:2: 617 daAuts
     D:9: 580 daAuts
    D:13: 517 daAuts
    D:14: 282 daAuts
  Bailey: 269 daAuts
